 Dungeon Crawl Stone Soup version 0.29-a0-82-g837932c90e (webtiles) character file.

Game seed: 14037651924777337329

745 shoop the Spear-Bearer (level 7, -6/56 HPs)
             Began as a Merfolk Gladiator on Feb 4, 2022.
             Was a Follower of Zin.
             Mangled by an ogre (24 damage)
             ... on level 5 of the Dungeon.
             The game lasted 00:08:44 (5817 turns).

shoop the Spear-Bearer (Merfolk Gladiator)          Turns: 5817, Time: 00:08:44

Health: -6/56      AC:  4    Str: 14    XL:     7   Next: 76%
Magic:  9/9        EV: 13    Int:  9    God:    Zin [*.....]
Gold:   176        SH:  0    Dex: 16    Spells: 6/6 levels left

rFire   + . .      SeeInvis .   a - +0 trident
rCold   . . .      Faith    .   (no shield)
rNeg    . . .      Spirit   .   b - +0 leather armour
rPois   +          Reflect  .   c - +0 helmet
rElec   .          Harm     .   (no cloak)
rCorr   .          Rampage  .   (no gloves)
Will    .....                   (no boots)
Stlth   +.........              (no amulet)
HPRegen 0.18/turn               t - ring of poison resistance
MPRegen 0.11/turn               l - ring of protection from fire

@: no status effects
A: (nimble swimmer 2), mertail
a: Renounce Religion, Recite, Donate Gold


You were on level 5 of the Dungeon.
You worshipped Zin.
Zin was aware of your devotion.
You visited 1 branch of the dungeon, and saw 5 of its levels.
You also visited: Sewer.

You collected 195 gold pieces.
You donated 19 gold pieces to Zin.

Inventory:

Hand Weapons
 a - a +0 trident (weapon)
Missiles
 d - 2 throwing nets (quivered)
 x - 4 poisoned darts
Armour
 b - a +0 leather armour (worn)
 c - a +0 helmet (worn)
Jewellery
 l - a ring of protection from fire (right hand)
 p - a +6 ring of intelligence
 r - a ring of magical power
 t - a ring of poison resistance (left hand)
 w - a +6 ring of dexterity
Scrolls
 f - 4 scrolls of identify {unknown}
 h - 4 scrolls of teleportation {unknown}
 m - a scroll of amnesia {unknown}
 n - 3 scrolls of silence {unknown}
 o - 2 scrolls of fog {unknown}
 v - a scroll of enchant weapon {unknown}
 y - a scroll of fear {unknown}
 z - a scroll of noise {unknown}
 A - a scroll of blinking {unknown}
 C - 2 scrolls of summoning {unknown}
Potions
 e - 3 potions of degeneration {unknown}
 g - 2 potions of might
 i - 4 potions of heal wounds {unknown}
 j - a potion of flight {unknown}
 k - a potion of cancellation {unknown}
 q - a potion of lignification {unknown}
 s - a potion of haste {unknown}
 u - 2 potions of brilliance {unknown}
 B - 3 potions of curing {unknown}


   Skills:
 + Level 5.1 Fighting
 * Level 10.0 Polearms
 + Level 2.6 Throwing
 - Level 4.0 Dodging
 + Level 2.8 Invocations


You had 6 spell levels left.
You didn't know any spells.
Your spell library contained the following spells:

 Spells                   Type           Power      Damage    Failure   Level
 Foxfire                  Conj/Fire      0%         2x1d4     45%         1
 Conjure Flame            Conj/Fire      0%         6-21      83%         3
 Inner Flame              Hex/Fire       0%         N/A       83%         3
 Flame Wave               Conj/Fire      0%         2d4       99%         4


Dungeon Overview and Level Annotations

Branches:
Dungeon (5/15)              Sewer (visited)
 Temple: D:4-7

Altars:
Cheibriados
Dithmenos
Elyvilon
Fedhas
Nemelex Xobeh
Okawaru
Trog
Xom
Zin

Annotations:
D:4 1 runed translucent door, Crazy Yiuf
D:5 Eustachio


Innate Abilities, Weirdness & Mutations

((You are very nimble when in or above water. (Stealth+, EV+, Speed+++)))
Your lower body shifts to a powerful aquatic tail in water.


Message History

Your Polearms skill increases to level 10!
You hit the ogre.
The ogre is lightly wounded.
The ogre closely misses you.
You hit the ogre.
The ogre is moderately wounded.
You puncture the ogre!
The ogre is heavily wounded.
The ogre hits you with a +0 giant spiked club!
You are too injured to fight recklessly!
You are too injured to fight recklessly!
You are too injured to fight recklessly!
You are too injured to fight recklessly!
You are too injured to fight recklessly!
You are too injured to fight recklessly!
You are too injured to fight recklessly!
You are too injured to fight recklessly!
You are too injured to fight recklessly!
You are too injured to fight recklessly!
You are too injured to fight recklessly!
You are too injured to fight recklessly!
You are too injured to fight recklessly!
You are too injured to fight recklessly!
You are too injured to fight recklessly!
You are too injured to fight recklessly!
You are too injured to fight recklessly!
You are too injured to fight recklessly!
You are too injured to fight recklessly!
You are too injured to fight recklessly!
You are too injured to fight recklessly!
You are too injured to fight recklessly!
You are too injured to fight recklessly!
You are too injured to fight recklessly!
You are too injured to fight recklessly!
You are too injured to fight recklessly!
Unknown command.
You hit the ogre.
The ogre is severely wounded.
The ogre hits you with a +0 giant spiked club!!
You die...

..... ......
....##+##...####+#..
...#...............
...#...............
..#...............
..#...............
#.#...............
#.#...............
#@#...............
#O#...............
#rw...............
#r................
#.................
#?................
#.................
#.................
#.................


You could see an ogre, a dart slug, a quokka (summoned) and a rat (summoned).

Vanquished Creatures
  A water moccasin (Sewer)
  An ice beast (D:4)
  A necrophage (D:4)
  A bullfrog (D:4)
  4 hounds
  An orc priest (D:3)
  An iguana (D:5)
  Terence (D:2)
  2 hound skeletons (D:5)
  Robin (D:2)
  5 adders
  A shadow imp (D:5)
  4 worms
  3 dart slugs (D:1)
  5 orcs
  4 ball pythons
  6 endoplasms
  2 giant cockroaches (D:4)
  12 goblins
  7 hobgoblins
  4 jackals (Sewer)
  6 quokkas
  3 bats
  10 kobolds
  10 rats
96 creatures vanquished.

Vanquished Creatures (others)
  13 plants (D:3)
13 creatures vanquished.

Grand Total: 109 creatures vanquished

Notes
Turn   | Place    | Note
-------+----------+-------------------------------------------
     0 | D:1      | shoop the Merfolk Gladiator began the quest for the Orb.
     0 | D:1      | Reached XP level 1. HP: 16/16 MP: 1/1
   395 | D:1      | Reached XP level 2. HP: 19/23 MP: 2/2
   498 | D:1      | Reached skill level 5 in Polearms
  1096 | D:2      | Found a faded altar of an unknown god.
  1147 | D:2      | Reached XP level 3. HP: 28/28 MP: 3/3
  1541 | D:2      | Reached skill level 6 in Polearms
  1773 | D:2      | Reached XP level 4. HP: 24/35 MP: 4/4
  2107 | D:2      | Noticed Terence
  2140 | D:2      | Killed Terence
  2858 | D:3      | Noticed Robin
  3098 | D:3      | Reached skill level 7 in Polearms
  3104 | D:3      | Reached XP level 5. HP: 36/41 MP: 5/5
  3669 | D:2      | Killed Robin
  3774 | D:3      | Reached skill level 8 in Polearms
  3913 | D:3      | Found a glowing silver altar of Zin.
  3958 | D:3      | Became a worshipper of Zin the Law-Giver
  3958 | D:3      | Reached * piety under Zin
  4002 | D:4      | Found a shadowy altar of Dithmenos.
  4014 | D:4      | Found a shimmering altar of Xom.
  4019 | D:4      | Noticed a necrophage
  4023 | D:4      | Reached XP level 6. HP: 43/48 MP: 6/6
  4042 | D:4      | Killed a necrophage
  4043 | D:4      | Reached skill level 1 in Invocations
  4043 | D:4      | Found a bloodstained altar of Trog.
  4043 | D:4      | Found a white marble altar of Elyvilon.
  4043 | D:4      | Found a sparkling altar of Nemelex Xobeh.
  4083 | D:4      | Found a blossoming altar of Fedhas.
  4083 | D:4      | Found an iron altar of Okawaru.
  4147 | D:4      | Found a runed translucent door.
  4148 | D:4      | Noticed Crazy Yiuf
  4263 | D:4      | Found a glowing drain.
  4276 | Sewer    | Entered a sewer
  4363 | Sewer    | Noticed a water moccasin
  4405 | Sewer    | Killed a water moccasin
  4406 | Sewer    | Reached skill level 9 in Polearms
  4406 | Sewer    | Reached XP level 7. HP: 53/55 MP: 8/8
  4640 | D:4      | Found a snail-covered altar of Cheibriados.
  5124 | D:5      | Entered Level 5 of the Dungeon
  5341 | D:4      | HP: 2/55 [ice beast (12)]
  5348 | D:4      | Reached skill level 5 in Fighting
  5784 | D:5      | Noticed Eustachio
  5814 | D:5      | Reached skill level 10 in Polearms
  5817 | D:5      | Mangled by an ogre

Illustrated notes

Levels and vault maps discovered:
D:1:      lemuel_arrival_lava_pool, layout_basic
D:2:      layout_basic, nicolae_ecumenical_lake_church, minmay_close_crescents,
          uniq_terence
D:3:      layout_basic, lemuel_tele_altar, serial_bayou_lagoon_a,
          corexii_hall_statues_t, uniq_robin
D:4:      layout_basic, kennysheep_little_box, mainiacjoe_overflow_24_doors,
          grunt_temple_overflow_open, cheibrodos_sewer_entry_sluice,
          uniq_crazy_yiuf_cottage
D:5:      layout_basic, mainiacjoe_overflow_cross_hatched,
          minmay_temple_entry_enclosed_plants, serial_shops, shop_fountains,
          hangedman_minor_gate_pass, uniq_eustachio

Skill      XL: |  1  2  3  4  5  6  7 |
---------------+----------------------+-----
Polearms       | 5 6 7 8 9 10 | 10.0
Fighting       | 3 4 5 |  5.1
Invocations    | 2 |  2.8
Throwing       | |  2.6
Dodging        | |  4.0

Action                   |  1- 3 |  4- 6 |  7- 9 || total
-------------------------+-------+-------+-------++-------
Melee: Trident           |   103 |   220 |   100 ||   423
       Punch             |     1 |     3 |     6 ||    10
       Tailslap          |       |     7 |       ||     7
Throw: Throwing net      |       |     3 |     1 ||     4
  Use: Potion            |       |       |     1 ||     1
 Stab: Sleeping          |     1 |     1 |       ||     2
       Distracted        |     1 |       |       ||     1
Armor: Leather armour    |    15 |    35 |    23 ||    73
Dodge: Dodged            |    47 |   108 |    59 ||   214

Table legend: (Time is in decaauts)
 A = Elapsed time spent in this place.
 B = Non-inter-level travel time spent in this place.
 C = Inter-level travel time spent in this place.
 D = Time resting spent in this place.
 E = Time spent auto-exploring this place.
 F = Levels seen in this place.
 G = Mean time per level.
                   A        B        C        D        E       F      G
               +--------+--------+--------+--------+--------+-----+--------+
         Total |   5757 |   5560 |    197 |    745 |   3895 |   6 |  959.5 |
       Dungeon |   5589 |   5392 |    197 |    745 |   3806 |   5 | 1117.8 |
         Sewer |    168 |    168 |      0 |      0 |     89 |   1 |  168.0 |
               +--------+--------+--------+--------+--------+-----+--------+

Top non-repeatable levels by time:
     D:2: 1885 daAuts
     D:4: 1428 daAuts
     D:3: 1055 daAuts
     D:1: 1026 daAuts
     D:5: 192 daAuts
   Sewer: 168 daAuts
